 Dungeon Crawl Stone Soup version 0.20-a0-1017-gc3250ce (webtiles) character file.

50 inmateoo the Ruffian (level 3, 0/43 HPs)
             Began as a Draconian Transmuter on Apr 16, 2017.
             Slain by Sigmund
             ... wielding a cursed +0 scythe
              (2 damage)
             ... on level 2 of the Dungeon.
             The game lasted 00:04:13 (1919 turns).

inmateoo the Ruffian (Draconian Transmuter)         Turns: 1919, Time: 00:04:13

Health: 0/43       AC: 21    Str: 12    XL:     3   Next: 55%
Magic:  2/6        EV:  2    Int: 14    God:
Gold:   55         SH:  0    Dex: 11    Spells: 3/6 levels left

rFire    . . .     SeeInvis .     - Unarmed
rCold    . . .     Gourm    .   (no shield)
rNeg     + + +     Faith    .   (armour unavailable)
rPois    +         Spirit   .   (helmet currently unavailable)
rElec    .         Reflect  .   (cloak currently unavailable)
rCorr    .         Harm     .   (gloves currently unavailable)
MR       .....     NoTele   +   (boots currently unavailable)
Stlth    +.........             (no amulet)
Regen    0.2/turn               (no ring)
MPRegen  0.1/turn               (no ring)

@: confused, tree-form
A: unfitting armour, AC +5
a: no special abilities


You were on level 2 of the Dungeon.
You were very hungry.
You were a tree.
You visited 1 branch of the dungeon, and saw 2 of its levels.

You collected 55 gold pieces.

Inventory:

Missiles
 a - 26 arrows
Scrolls
 e - a scroll of teleportation
 g - a scroll of fear {unknown}
 i - 2 scrolls of enchant weapon {unknown}
 k - a scroll of amnesia {unknown}
Potions
 j - a potion of agility
Books
 b - a book of Changes

   Spells                             Type                      Level
   a - Beastly Appendage              Transmutation                1
   b - Sticks to Snakes               Transmutation                2
   c - Spider Form                    Transmutation/Poison         3
   d - Ice Form                       Ice/Transmutation            4
   e - Blade Hands                    Transmutation                5
Comestibles
 c - a bread ration
 d - 2 meat rations
 h - a fruit


   Skills:
 + Level 1.8 Fighting
 + Level 2.1 Dodging
 * Level 3.6 Unarmed Combat
 + Level 2.3 Spellcasting
 + Level 2.4 Transmutations


You had 3 spell levels left.
You knew the following spells:

 Your Spells              Type           Power        Failure   Level  Hunger
a - Beastly Appendage     Tmut           #.....       12%         1    #......
b - Sticks to Snakes      Tmut           #.......     17%         2    ###....


Dungeon Overview and Level Annotations

Branches:
Dungeon (2/15)

Altars:

Annotations:
D:2 Sigmund


Innate Abilities, Weirdness & Mutations

((Your plain brown scales are hard. (AC +5)))
You cannot fit into any form of body armour.
((You are cold-blooded and may be slowed by cold attacks.))


Message History

You swing at nothing.
Your ball python constricts something.
The rat bites you but does no damage. Something hits you but does no damage.
Unknown command.
Unknown command.
You cannot move. (Use ctrl+direction to attack without moving.) Unknown command.
You cannot move. (Use ctrl+direction to attack without moving.) Unknown command.
You cannot move. (Use ctrl+direction to attack without moving.) Are you sure you want to swing wildly while confused and next to your ball python? [Y]es or [N]o only, please.
Are you sure you want to swing wildly while confused and next to your ball python? [Y]es or [N]o only, please.
Are you sure you want to swing wildly while confused and next to your ball python?
You swing at nothing.
Your ball python constricts something. x2
The rat bites you but does no damage.
Are you sure you want to swing wildly while confused and next to your ball python?
You hit something but do no damage.
Your ball python constricts something.
Something hits you.
You die...

#... ..... ... ....#
#.# ...# #
#########.######..#.#
..............?[..#.#
........>......#....#
#.####..............#
#.# #..........r.$.#
#.#
#......#...♣{..###
#.#
##.#.###..)SS....[.
#.#
#.......#....#####
#.## ###...%<.....#
...############....#
.......... ........
#..####### #.#.####
#..# ..#.# #..# ..).#


You could see a rat, a friendly adder and a friendly ball python.

Vanquished Creatures
  2 oozes (D:1)
  2 worms (D:2)
  A leopard gecko (D:2)
  A bat (D:1)
  2 giant cockroaches (D:1)
  2 goblins
  6 hobgoblins
  2 jackals (D:1)
  A ball python (D:2)
  7 frilled lizards
  5 kobolds
  4 rats
35 creatures vanquished.

Vanquished Creatures (collateral kills)
  2 rats (D:1)
2 creatures vanquished.

Grand Total: 37 creatures vanquished

Notes
Turn   | Place    | Note
-------+----------+-------------------------------------------
     0 | D:1      | inmateoo the Draconian Transmuter began the quest for the Orb.
     0 | D:1      | Reached XP level 1. HP: 16/16 MP: 3/3
   239 | D:1      | Reached XP level 2. HP: 21/23 MP: 5/5
   246 | D:1      | Learned a level 2 spell: Sticks to Snakes
   858 | D:1      | Reached XP level 3. HP: 29/29 MP: 4/6
  1614 | D:2      | Noticed Sigmund
  1916 | D:2      | HP: 1/43 [something (2)]
  1919 | D:2      | Slain by Sigmund

Vault maps used:
D:1:      dpeg_cavernosity
D:2:      kennysheep_goblin_castle, first_bread, uniq_terence, uniq_sigmund

Skill      XL: |  1  2 |
---------------+-------+-----
Dodging        | 2 |  2.1
Fighting       | |  1.8
Unarmed Combat | |  3.6
Spellcasting   | |  2.3
Transmutations | |  2.4

Action                   || total
-------------------------++-------
Melee: Unarmed           ||   151
       Tailslap          ||    16
       Headbutt          ||     3
       Kick              ||    10
       Punch             ||     4
 Cast: Beastly Appendage ||     8
       Sticks to Snakes  ||     4
  Use: Scroll            ||     1
       Potion            ||     2
  Eat: Fruit             ||     2
       Chunk             ||     1
Armor: Skin              ||    38
Dodge: Dodged            ||    82
